 Dungeon Crawl Stone Soup version 0.17.1-1-g73c8601 (webtiles) character file.

7449 Andry07 the Fighter (level 11, -21/62 HPs)
             Began as a Vine Stalker Fighter on Jan 1, 2016.
             Was a Believer of the Shining One.
             Demolished by Sonja
             ... wielding a +0 dagger of distortion
              (22 damage)
             ... on level 10 of the Dungeon.
             The game lasted 00:21:06 (7403 turns).

Andry07 the Fighter (Vine Stalker Fighter)          Turns: 7403, Time: 00:21:06

Health: -21/62     AC: 12    Str: 23    XL:     11   Next: 15%
Magic:  0/12       EV:  8    Int:  8    God:    the Shining One [**....]
Gold:   528        SH: 13    Dex: 13    Spells: 3 memorised, 5 levels left

rFire  . . .     SeeInvis .     a - +0 flail
rCold  . . .     Clarity  .     u - +4 chain mail
rNeg   + . .     SustAt   .     c - +1 shield
rPois  +         Gourm    .     (no helmet)
rElec  .         Spirit   +     (no cloak)
rCorr  .         Warding  .     (no gloves)
rMut   .         Stasis   .     (no boots)
MR     +....                    n - amulet of regeneration
Stlth  ..........               I - +5 ring of slaying
                                m - ring of poison resistance

@: slowed, glowing, very slow, somewhat resistant to hostile enchantments,
extremely unstealthy
A: fangs 3, regeneration 2, magic shield, antimagic bite, no device heal 3, rot
immunity
a: Divine Shield, Renounce Religion


You were on level 10 of the Dungeon.
You worshipped the Shining One.
The Shining One was pleased with you.
You were very hungry.

You visited 2 branches of the dungeon, and saw 11 of its levels.

You collected 528 gold pieces.

Inventory:

Hand Weapons
 a - a +0 flail (weapon)
Missiles
 y - 3 tomahawks of returning (quivered)
 E - 8 tomahawks
Armour
 c - a +1 shield (worn)
 u - a +4 chain mail (worn)
Jewellery
 m - a ring of poison resistance (left hand)
 n - an amulet of regeneration (around neck)
 I - a +5 ring of slaying (right hand)
Wands
 r - a wand of fire (8)
 w - a wand of paralysis (16)
 F - a wand of enslavement (10)
 G - a wand of flame (36)
 M - a wand of slowing (36)
 O - a wand of magic darts (35)
 P - a wand of fire (5)
Scrolls
 g - 2 scrolls of recharging
 h - a scroll of fear
 k - 2 scrolls of remove curse
 p - a scroll of enchant armour
 t - 4 scrolls of magic mapping
 v - 3 scrolls of teleportation {unknown}
 x - 2 scrolls of amnesia {unknown}
 z - 2 scrolls of identify {unknown}
 J - a scroll of random uselessness {unknown}
Potions
 b - a potion of lignification {unknown}
 d - 2 potions of might
 f - 6 potions of curing {unknown}
 l - 2 potions of degeneration {unknown}
 o - a potion of cancellation {unknown}
 q - 2 potions of heal wounds {unknown}
 C - a potion of mutation {unknown}
 H - a potion of poison {unknown}
 N - a potion of flight {unknown}
Books
 A - a book of Battle

   Spells                             Type                      Level
   a - Infusion                       Charms                       1
   b - Shroud of Golubria             Charms/Translocation         2
   c - Song of Slaying                Charms                       2
   d - Spectral Weapon                Hexes/Charms                 3
   e - Regeneration                   Charms/Necromancy            3
 D - a book of Power

   Spells                             Type                      Level
   a - Fulminant Prism                Conjuration/Hexes            4
   b - Iskenderun's Mystic Blast      Conjuration                  4
   c - Venom Bolt                     Conjuration/Poison           5
   d - Bolt of Magma                  Conjuration/Fire/Earth       5
   e - Iron Shot                      Conjuration/Earth            6
   f - Orb of Destruction             Conjuration                  7
   g - Spellforged Servitor           Conjuration/Summoning        7
 K - a book of Hinderance

   Spells                             Type                      Level
   a - Confusing Touch                Hexes                        2
   b - Confuse                        Hexes                        3
   c - Gell's Gravitas                Hexes/Translocation          3
   d - Petrify                        Transmutation/Earth          4
   e - Metabolic Englaciation         Hexes/Ice                    5
Comestibles
 e - 2 bread rations
 i - 2 beef jerkies
 j - 4 slices of pizza
 s - 2 meat rations
 B - a royal jelly


   Skills:
 * Level 9.6 Fighting
 + Level 7.7 Maces & Flails
 - Level 2.1 Throwing
 - Level 2.4 Armour
 - Level 4.4 Dodging
 - Level 1.5 Stealth
 + Level 8.7 Shields


You had 5 spell levels left.
You knew the following spells:

 Your Spells              Type           Power        Failure   Level  Hunger
a - Infusion              Chrm           #.....       100%        1    ##.....
b - Shroud of Golubria    Chrm/Tloc      #.........   100%        2    ###....
c - Song of Slaying       Chrm           #.......     100%        2    ###....


Dungeon Overview and Level Annotations

Branches:
Dungeon (10/15)            Temple (1/1) D:5            Lair (0/8) D:8
    Orc (0/4) D:10

Altars:
Ashenzari
Cheibriados
Dithmenos
Elyvilon
Fedhas
Gozag
Kikubaaqudgha
Makhleb
Nemelex Xobeh
Qazlal
Ru
Trog
Vehumet
Xom
Yredelemnul
Zin
The Shining One

Annotations:
D:10 Sonja


Innate Abilities, Weirdness & Mutations

You have razor-sharp teeth.
You heal very quickly.
When hurt, damage is shared between your health and your magic reserves.
Your bite disrupts and absorbs the magic of your enemies.
Potions and wands cannot restore your health.
You are immune to rotting.


Message History

Its appearance distorts for a moment.
Sonja hits you but does no damage. Space bends around you.
* * * LOW HITPOINT WARNING * * *
Sonja hits you but does no damage.
You feel strangely unstable.
Sonja hits you with an uncursed dagger of distortion.
* * * LOW HITPOINT WARNING * * *
You feel strangely stable. You block the orc priest's attack.
Sonja hits you but does no damage. Space warps horribly around you!
* * * LOW HITPOINT WARNING * * *
Sonja hits you but does no damage.
You blink.
Found a stone staircase leading up.
Sonja gestures wildly while chanting.
Sonja blinks!
Sonja casts a spell.
Sonja blinks!
The orc priest miscasts a cantrip.
Sonja hits you but does no damage. Space warps horribly around you!
* * * LOW HITPOINT WARNING * * *
Sonja hits you but does no damage. Space warps horribly around you!
You die...

.. .# # .# .#
##.##.# ...... ##
#...# ...####<..#
......K@..#####
...............
.......o..#####.#
................#
...................
..................#
....>.......#####.#
..................
..............#


You could see Sonja and an orc priest.

Vanquished Creatures
  Pikel (D:8)
  The ghost of Metrazal the Slinger, a novice SpAs (D:8)
  Maurice (D:8)
  Psyche (D:8)
  2 komodo dragons (D:8)
  Sigmund (D:4)
  A wyvern (D:9)
  A deep elf mage (D:9)
  Eustachio (D:5)
  2 hungry ghosts
  2 hippogriffs
  Menkaure (D:4)
  Edmund (D:5)
  A warg (D:10)
  A porcupine (D:8)
  4 slaves (D:8)
  3 ice beasts
  A sky beast (D:5)
  A black bear (D:6)
  8 orc warriors
  A wasp (D:9)
  3 ogres
  A big kobold (D:8)
  4 centaurs
  3 giant frogs (D:9)
  A gnoll sergeant (D:6)
  2 scorpions
  3 killer bees (D:5)
  3 wights (D:6)
  A giant frog zombie (D:9)
  A quasit (D:5)
  2 crimson imps
  4 hounds
  4 orc priests
  Ijyb (D:2)
  A jelly (D:7)
  3 giant frog skeletons
  2 iguanas
  11 orc wizards
  4 worker ants
  A hound zombie (D:8)
  A hound skeleton (D:4)
  A worker ant zombie (D:5)
  2 river rats (D:8)
  17 gnolls
  6 adders
  3 shadow imps
  An ooze (D:5)
  An adder skeleton (D:7)
  2 worms
  62 orcs
  5 bats
  5 giant cockroaches
  7 hobgoblins
  5 jackals
  15 kobolds
  4 quokkas
  2 ball pythons
  5 giant geckos
  5 giant newts
  2 goblins
  3 jackal skeletons
  2 quokka skeletons
  6 rats
253 creatures vanquished.

Notes
Turn   | Place    | Note
--------------------------------------------------------------
     0 | D:1      | Andry07 the Vine Stalker Fighter began the quest for the Orb.
     0 | D:1      | Reached XP level 1. HP: 11/11 MP: 2/2
   335 | D:1      | Reached XP level 2. HP: 14/16 MP: 3/3
   542 | D:1      | Reached skill level 3 in Shields
   933 | D:2      | Noticed Ijyb
   946 | D:2      | Killed Ijyb
   946 | D:2      | Reached XP level 3. HP: 17/20 MP: 4/4
  1067 | D:2      | Reached XP level 4. HP: 24/24 MP: 5/5
  1164 | D:2      | Found a stormy altar of Qazlal.
  1437 | D:3      | Reached skill level 1 in Dodging
  1590 | D:3      | Reached XP level 5. HP: 15/29 MP: 6/6
  1781 | D:3      | Reached skill level 1 in Stealth
  1915 | D:3      | Found a white marble altar of Elyvilon.
  2189 | D:3      | Found a basalt altar of Yredelemnul.
  2250 | D:4      | Reached skill level 4 in Fighting
  2250 | D:4      | Gained mutation: You heal very quickly. [Vine Stalker growth]
  2250 | D:4      | Reached XP level 6. HP: 33/33 MP: 7/7
  2586 | D:4      | Noticed Sigmund
  2639 | D:4      | Noticed Menkaure
  2644 | D:4      | Killed Menkaure
  2644 | D:4      | Reached XP level 7. HP: 13/37 MP: 5/8
  3097 | D:4      | Killed Sigmund
  3097 | D:4      | Reached skill level 5 in Shields
  3230 | D:5      | Entered Level 5 of the Dungeon
  3325 | D:5      | Gained mutation: You have razor-sharp teeth. [Vine Stalker growth]
  3325 | D:5      | Reached XP level 8. HP: 42/42 MP: 9/9
  3476 | D:5      | Learned a level 1 spell: Infusion
  3479 | D:5      | Learned a level 2 spell: Shroud of Golubria
  3482 | D:5      | Learned a level 2 spell: Song of Slaying
  3527 | D:5      | Noticed Edmund
  3541 | D:5      | Killed Edmund
  3551 | D:5      | Found a staircase to the Ecumenical Temple.
  3559 | D:5      | Noticed Eustachio
  3563 | Temple   | Entered the Ecumenical Temple
  3663 | D:5      | Killed Eustachio
  3663 | D:5      | Reached skill level 5 in Fighting
  3944 | D:5      | Reached skill level 6 in Shields
  4028 | D:5      | Reached skill level 1 in Throwing
  4161 | D:6      | Found a glowing golden altar of the Shining One.
  4168 | D:6      | Became a worshipper of the Shining One
  4323 | D:6      | Reached XP level 9. HP: 41/47 MP: 8/10
  4783 | D:7      | Reached skill level 5 in Maces & Flails
  5423 | D:7      | Found a sacrificial altar of Ru.
  5433 | D:7      | Found a sparkling altar of Nemelex Xobeh.
  5468 | D:8      | Noticed Psyche
  5481 | D:8      | Killed Psyche
  5481 | D:8      | Reached skill level 7 in Shields
  5526 | D:8      | Reached * piety under the Shining One
  5568 | D:8      | Noticed a komodo dragon
  5569 | D:8      | Noticed a komodo dragon
  5806 | D:8      | Noticed Maurice
  5869 | D:8      | Killed Maurice
  5869 | D:8      | Reached XP level 10. HP: 55/55 MP: 11/11
  6003 | D:8      | Noticed Pikel
  6020 | D:8      | Killed Pikel
  6022 | D:8      | Reached skill level 8 in Fighting
  6043 | D:8      | Noticed Metrazal's ghost (novice SpAs)
  6047 | D:8      | Killed Metrazal's ghost
  6197 | D:8      | Killed a komodo dragon
  6249 | D:8      | Found a staircase to the Lair.
  6253 | D:8      | Killed a komodo dragon
  6616 | D:9      | Found a snail-covered altar of Cheibriados.
  6616 | D:9      | Found a radiant altar of Vehumet.
  6616 | D:9      | Found a blossoming altar of Fedhas.
  6616 | D:9      | Found a burning altar of Makhleb.
  6624 | D:9      | Reached ** piety under the Shining One
  6812 | D:9      | Reached skill level 9 in Fighting
  6995 | D:9      | Reached XP level 11. HP: 57/62 MP: 12/12
  7328 | D:10     | Entered Level 10 of the Dungeon
  7340 | D:10     | Found a staircase to the Orcish Mines.
  7342 | D:10     | Noticed Sonja
  7399 | D:10     | HP: 2/62 [Sonja/uncursed dagger of distortion (15)]
  7403 | D:10     | Demolished by Sonja

Action                   |  1- 3 |  4- 6 |  7- 9 | 10-12 || total
-------------------------+-------+-------+-------+-------++-------
Melee: Flail             |    75 |   190 |   345 |   225 ||   835
  Use: Scroll            |       |       |     4 |     2 ||     6
  Eat: Chunk             |     1 |     5 |     4 |     6 ||    16
       Bread ration      |       |       |     2 |       ||     2
       Pizza             |       |       |     1 |       ||     1
